TOP OF THE 1ST |
Madison Bombers batting - Pitching for Kalamazoo Royale with Cheese : RHP Miguel Angel Rodríguez
|
Pitching: RHP Miguel Angel Rodríguez
|
|
Batting: LHB Robin Hill
|
0-0: Ball 1-0: Fly out, F8 (Flyball, 8RD)
|
Batting: RHB Sergio Márquez
|
0-0: Fly out, F8 (Flyball, 8LS)
|
Batting: LHB Dave Williams
|
0-0: Called Strike 0-1: Ball 1-1: Ball 2-1: Called Strike 2-2: Ground out 4-3 (Groundball, 4)
|
Top of the 1st over - 0 run(s), 0 hit(s), 0 error(s), 0 left on base; Madison 0 - Kalamazoo 0 |
BOTTOM OF THE 1ST |
Kalamazoo Royale with Cheese batting - Pitching for Madison Bombers : RHP Roberto Reyes
|
Pitching: RHP Roberto Reyes
|
|
Batting: SHB Jack Fountain
|
0-0: Swinging Strike 0-1: Bunt for hit - play at first, batter safe!
|
Batting: RHB Run-ming Zhu
|
0-0: 2-RUN HOME RUN (Line Drive, 78XD), Distance : 440 ft
|
Batting: LHB Jacob Wright
|
0-0: Foul Ball, location: 2F 0-1: Ball 1-1: Ball 2-1: DOUBLE (Groundball, 5L)
|
Batting: RHB Miguel Encarnación
|
0-0: Ball 1-0: Ball 2-0: Called Strike 2-1: Ball 3-1: Base on Balls
|
Batting: LHB Ben Moss
|
0-0: Called Strike 0-1: SINGLE (Line Drive, 7LS) Jacob Wright to third Miguel Encarnación to second
|
Batting: LHB Stan Hickman
|
0-0: Ball Wild Pitch! Jacob Wright scores Miguel Encarnación to third Ben Moss to second 1-0: Foul Ball, location: 2F 1-1: Called Strike 1-2: Foul Ball, location: 2F 1-2: Foul Ball, location: 2F 1-2: Ground out 4-3 (Groundball, 34) Miguel Encarnación scores Ben Moss to third
|
Batting: LHB Jack Hewat
|
0-0: Ball 1-0: Foul Ball, location: 2F 1-1: Ground out 5-3 (Groundball, 56) Ben Moss scores
|
Batting: LHB Francisco Torres
|
0-0: Called Strike 0-1: Ball 1-1: Fly out, F8 (Popup, 6MD)
|
Bottom of the 1st over - 5 run(s), 4 hit(s), 0 error(s), 0 left on base; Madison 0 - Kalamazoo 5 |
BOTTOM OF THE 2ND |
Kalamazoo Royale with Cheese batting - Pitching for Madison Bombers : RHP Roberto Reyes
|
Batting: LHB Dave Pitts
|
0-0: Ball 1-0: Called Strike 1-1: Ground out U3 (Groundball, 3S)
|
Batting: SHB Jack Fountain
|
0-0: Called Strike 0-1: Ball 1-1: Ball 2-1: Ball 3-1: Base on Balls
|
Batting: RHB Run-ming Zhu
|
0-0: Foul Ball, location: 2F 0-1: Ball 1-1: SINGLE (Line Drive, 8RS) Jack Fountain to second
|
Batting: LHB Jacob Wright
|
0-0: Fly out, F9 (Flyball, 89XD) Runner from 2nd tags up, SAFE at 3rd, no throw
|
Batting: RHB Miguel Encarnación
|
0-0: Ball 1-0: Ball 2-0: Called Strike 2-1: Foul Ball, location: 2F 2-2: Ball 3-2: Fly out, F9 (Flyball, 9S)
|
Bottom of the 2nd over - 0 run(s), 1 hit(s), 0 error(s), 2 left on base; Madison 1 - Kalamazoo 5 |
TOP OF THE 3RD |
Madison Bombers batting - Pitching for Kalamazoo Royale with Cheese : RHP Miguel Angel Rodríguez
|
Batting: RHB Edward Franks
|
0-0: Ground out 6-3 (Groundball, 6M)
|
Batting: RHB Bailey Ramsey
|
0-0: Ground out 1-3 (Groundball, 13)
|
Batting: LHB Robin Hill
|
0-0: Ball 1-0: Foul Ball, location: 2F 1-1: SINGLE (Line Drive, 8LS)
|
Batting: RHB Sergio Márquez
|
0-0: Fly out, F4 (Popup, 6MD)
|
Top of the 3rd over - 0 run(s), 1 hit(s), 0 error(s), 1 left on base; Madison 1 - Kalamazoo 5 |
BOTTOM OF THE 3RD |
Kalamazoo Royale with Cheese batting - Pitching for Madison Bombers : RHP Roberto Reyes
|
Batting: LHB Ben Moss
|
0-0: Ball 1-0: Foul Ball, location: 2F 1-1: Ball 2-1: DOUBLE (Flyball, 9LS)
|
Batting: LHB Stan Hickman
|
0-0: Ball 1-0: Ball 2-0: SINGLE (Line Drive, 78M) Ben Moss to third
|
Batting: LHB Jack Hewat
|
0-0: Called Strike 0-1: Foul Ball, location: 2F 0-2: Ball 1-2: Ball Passed Ball! Ben Moss scores Stan Hickman to second 2-2: Strikes out swinging
|
Batting: LHB Francisco Torres
|
0-0: Foul Ball, location: 2F 0-1: Ball 1-1: Foul Ball, location: 2F 1-2: Strikes out looking
|
Batting: LHB Dave Pitts
|
0-0: Ball 1-0: Ball 2-0: Ball 3-0: Called Strike 3-1: Called Strike 3-2: Foul Ball, location: 2F 3-2: Base on Balls
|
Batting: SHB Jack Fountain
|
0-0: Ball 1-0: Fly out, F7 (Flyball, 78S)
|
Bottom of the 3rd over - 1 run(s), 2 hit(s), 0 error(s), 2 left on base; Madison 1 - Kalamazoo 6 |
TOP OF THE 4TH |
Madison Bombers batting - Pitching for Kalamazoo Royale with Cheese : RHP Miguel Angel Rodríguez
|
Batting: LHB Dave Williams
|
0-0: Ball 1-0: Ball 2-0: Ball 3-0: Called Strike 3-1: Fly out, F8 (Line Drive, 8RM)
|
Batting: SHB Michael McDonald
|
0-0: Called Strike 0-1: Ball 1-1: Ground out 1-3 (Groundball, 13)
|
Batting: SHB Derek Roach
|
0-0: Called Strike 0-1: Swinging Strike 0-2: Strikes out looking
|
Top of the 4th over - 0 run(s), 0 hit(s), 0 error(s), 0 left on base; Madison 1 - Kalamazoo 6 |
BOTTOM OF THE 4TH |
Kalamazoo Royale with Cheese batting - Pitching for Madison Bombers : RHP Roberto Reyes
|
Batting: RHB Run-ming Zhu
|
0-0: Foul Ball, location: 2F 0-1: Ground out 5-3 (Groundball, 15S)
|
Batting: LHB Jacob Wright
|
0-0: Ball 1-0: Foul Ball, location: 2F 1-1: Called Strike 1-2: Ball 2-2: Ball 3-2: Foul Ball, location: 2F 3-2: Ground out 4-3 (Groundball, 4)
|
Batting: RHB Miguel Encarnación
|
0-0: Ball 1-0: Ball 2-0: Ball 3-0: Base on Balls
|
Batting: LHB Ben Moss
|
0-0: Ground out 6-3 (Groundball, 6)
|
Bottom of the 4th over - 0 run(s), 0 hit(s), 0 error(s), 1 left on base; Madison 1 - Kalamazoo 6 |
TOP OF THE 5TH |
Madison Bombers batting - Pitching for Kalamazoo Royale with Cheese : RHP Miguel Angel Rodríguez
|
Batting: LHB Keith Tillman
|
0-0: Foul Ball, location: 2F 0-1: Called Strike 0-2: SINGLE (Groundball, 34)
|
Batting: LHB Avery Hopkins
|
0-0: Called Strike 0-1: Fielders Choice at 2nd, 4-6 (Groundball, 4)
|
Batting: RHB Edward Franks
|
0-0: Called Strike 0-1: Fly out, F6 (Popup, 56D)
|
Batting: RHB Bailey Ramsey
|
0-0: Ball 1-0: Ball 2-0: Ball 3-0: Called Strike 3-1: Foul Ball, location: 2F 3-2: Foul Ball, location: 2F 3-2: Ground out 4-3 (Groundball, 4)
|
Top of the 5th over - 0 run(s), 1 hit(s), 0 error(s), 1 left on base; Madison 1 - Kalamazoo 6 |
BOTTOM OF THE 5TH |
Kalamazoo Royale with Cheese batting - Pitching for Madison Bombers : RHP Roberto Reyes
|
Batting: LHB Stan Hickman
|
0-0: Called Strike 0-1: Ball 1-1: Ball 2-1: Foul Ball, location: 2F 2-2: Foul Ball, location: 2F 2-2: SINGLE (Groundball, 34D) (infield hit)
|
Batting: LHB Jack Hewat
|
0-0: Called Strike 0-1: Ball 1-1: Foul Ball, location: 2F 1-2: Ball 2-2: Ball 3-2: Foul Ball, location: 2F 3-2: Foul Ball, location: 2F 3-2: Strikes out swinging
|
Pitching: RHP Ramón Rodríguez
|
|
Batting: LHB Francisco Torres
|
0-0: Ball 1-0: Foul Ball, location: 2F 1-1: Ball 2-1: Called Strike 2-2: Ball 3-2: Fly out, F9 (Flyball, 89S)
|
Batting: LHB Dave Pitts
|
0-0: Ball 1-0: Fly out, F7 (Flyball, 7M)
|
Bottom of the 5th over - 0 run(s), 1 hit(s), 0 error(s), 1 left on base; Madison 1 - Kalamazoo 6 |
TOP OF THE 6TH |
Madison Bombers batting - Pitching for Kalamazoo Royale with Cheese : RHP Miguel Angel Rodríguez
|
Batting: LHB Robin Hill
|
0-0: Called Strike 0-1: Ball 1-1: Swinging Strike 1-2: Ball 2-2: Strikes out swinging
|
Batting: RHB Sergio Márquez
|
0-0: Ball 1-0: Called Strike 1-1: Ball 2-1: Ground out 5-3 (Groundball, 5L)
|
Batting: LHB Dave Williams
|
0-0: Called Strike 0-1: Ball 1-1: Swinging Strike 1-2: Strikes out swinging
|
Top of the 6th over - 0 run(s), 0 hit(s), 0 error(s), 0 left on base; Madison 1 - Kalamazoo 6 |
BOTTOM OF THE 6TH |
Kalamazoo Royale with Cheese batting - Pitching for Madison Bombers : RHP Ramón Rodríguez
|
Batting: SHB Jack Fountain
|
0-0: Ground out U3 (Groundball, 3L)
|
Batting: RHB Run-ming Zhu
|
0-0: Ball 1-0: Ball 2-0: Foul Ball, location: 2F 2-1: Ground out 5-3 (Groundball, 5)
|
Batting: LHB Jacob Wright
|
0-0: Ball 1-0: Ground out 6-3 (Groundball, 6)
|
Bottom of the 6th over - 0 run(s), 0 hit(s), 0 error(s), 0 left on base; Madison 1 - Kalamazoo 6 |
TOP OF THE 7TH |
Madison Bombers batting - Pitching for Kalamazoo Royale with Cheese : RHP Miguel Angel Rodríguez
|
Batting: SHB Michael McDonald
|
0-0: DOUBLE (Line Drive, 9LD)
|
Batting: SHB Derek Roach
|
0-0: SINGLE (Groundball, 34D) Michael McDonald to third Runner from 3rd tries for Home, SAFE, throw made home Derek Roach to second
|
Batting: LHB Keith Tillman
|
0-0: Foul Ball, location: 2F 0-1: Foul Ball, location: 2F 0-2: Ball 1-2: Foul Ball, location: 2F 1-2: Ground out 4-3 (Groundball, 34) Derek Roach to third
|
Batting: LHB Avery Hopkins
|
0-0: Ball 1-0: Ball 2-0: Foul Ball, location: 2F 2-1: Foul Ball, location: 2F 2-2: Strikes out swinging
|
Batting: RHB Edward Franks
|
0-0: Called Strike 0-1: Ball 1-1: Ball 2-1: Foul Ball, location: 2F 2-2: Ground out 5-3 (Groundball, 56)
|
Top of the 7th over - 1 run(s), 2 hit(s), 0 error(s), 1 left on base; Madison 2 - Kalamazoo 6 |
BOTTOM OF THE 7TH |
Kalamazoo Royale with Cheese batting - Pitching for Madison Bombers : RHP Ramón Rodríguez
|
Batting: RHB Miguel Encarnación
|
0-0: Foul Ball, location: 2F 0-1: Ball 1-1: Swinging Strike 1-2: Foul Ball, location: 2F 1-2: Foul Ball, location: 2F 1-2: Fly out, F5 (Line Drive, 5)
|
Pitching: RHP Alonso Gallardo
|
|
Batting: LHB Ben Moss
|
0-0: Called Strike 0-1: Foul Ball, location: 2F 0-2: Foul Ball, location: 2F 0-2: Ball 1-2: Ball 2-2: Ball 3-2: Foul Ball, location: 2F 3-2: Base on Balls
|
Batting: LHB Stan Hickman
|
0-0: Fly out, F8 (Flyball, 89M)
|
Batting: LHB Jack Hewat
|
0-0: Ball 1-0: Ball 2-0: Swinging Strike 2-1: Ball 3-1: Base on Balls Ben Moss to second
|
Batting: LHB Francisco Torres
|
0-0: Called Strike 0-1: Ball 1-1: Ball 2-1: Called Strike 2-2: Foul Ball, location: 2F 2-2: Ball 3-2: Fly out, F7 (Flyball, 7D)
|
Bottom of the 7th over - 0 run(s), 0 hit(s), 0 error(s), 2 left on base; Madison 2 - Kalamazoo 6 |
TOP OF THE 8TH |
Madison Bombers batting - Pitching for Kalamazoo Royale with Cheese : RHP Miguel Angel Rodríguez
|
Batting: RHB Bailey Ramsey
|
0-0: Called Strike 0-1: Ball 1-1: Fly out, F9 (Flyball, 9M)
|
Batting: LHB Robin Hill
|
0-0: SINGLE (Line Drive, 78M)
|
Batting: RHB Sergio Márquez
|
0-0: Called Strike 0-1: Ball 1-1: Ball 2-1: Fly out, F3 (Popup, 3F)
|
Batting: LHB Dave Williams
|
0-0: Fly out, F6 (Popup, 5DF)
|
Top of the 8th over - 0 run(s), 1 hit(s), 0 error(s), 1 left on base; Madison 2 - Kalamazoo 6 |
BOTTOM OF THE 8TH |
Kalamazoo Royale with Cheese batting - Pitching for Madison Bombers : RHP Alonso Gallardo
|
Batting: LHB Dave Pitts
|
0-0: Called Strike 0-1: Ball 1-1: Fly out, F7 (Flyball, 7D)
|
Batting: SHB Jack Fountain
|
0-0: Ball 1-0: Ball 2-0: Ground out 5-3 (Groundball, 56)
|
Batting: RHB Run-ming Zhu
|
0-0: Swinging Strike 0-1: Foul Ball, location: 2F 0-2: Ball 1-2: Foul Ball, location: 2F 1-2: Ball 2-2: Ball 3-2: Foul Ball, location: 2F 3-2: SINGLE (Groundball, 6MD)
|
Batting: LHB Jacob Wright
|
0-0: Called Strike 0-1: Ball 1-1: Called Strike 1-2: Foul Ball, location: 2F 1-2: Ball 2-2: Fly out, F8 (Line Drive, 8LM)
|
Bottom of the 8th over - 0 run(s), 1 hit(s), 0 error(s), 1 left on base; Madison 2 - Kalamazoo 6 |
TOP OF THE 9TH |
Madison Bombers batting - Pitching for Kalamazoo Royale with Cheese : RHP Miguel Angel Rodríguez
|
Batting: SHB Michael McDonald
|
0-0: Called Strike 0-1: Swinging Strike 0-2: Ball 1-2: Foul Ball, location: 2F 1-2: Strikes out looking
|
Batting: SHB Derek Roach
|
0-0: Swinging Strike 0-1: Swinging Strike 0-2: Ball 1-2: Ball 2-2: Ground out 1-3 (Groundball, 13S)
|
Batting: LHB Keith Tillman
|
0-0: Ball 1-0: Foul Ball, location: 2F 1-1: Foul Ball, location: 2F 1-2: Ball 2-2: SINGLE (Groundball, 4MD)
|
Batting: LHB Avery Hopkins
|
0-0: Called Strike 0-1: Ball 1-1: Swinging Strike 1-2: Foul Ball, location: 2F 1-2: Ball 2-2: Foul Ball, location: 2F 2-2: Ball 3-2: Ground out U3 (Groundball, 3)
|
Top of the 9th over - 0 run(s), 1 hit(s), 0 error(s), 1 left on base; Madison 2 - Kalamazoo 6 |
|